 Dungeon Crawl Stone Soup version 0.18-a0-19-g8b99b3a (webtiles) character file.

1035 Raultor the Cudgeler (level 8, -2/48 HPs)
             Began as a Gargoyle Fighter on Nov 1, 2015.
             Was a Follower of the Shining One.
             Killed from afar by Dowan (14 damage)
             ... with a shard of ice
             ... on level 3 of the Dungeon.
             The game lasted 00:08:55 (3320 turns).

Raultor the Cudgeler (Gargoyle Fighter)             Turns: 3320, Time: 00:08:55

Health: -2/48      AC: 14    Str: 22    XL:     8   Next: 24%
Magic:  8/8        EV:  7    Int:  9    God:    the Shining One [*.....]
Gold:   273        SH:  0    Dex:  9    Spells: 0 memorised, 7 levels left

rFire  . . .     SeeInvis .     z - +2 flail (crush)
rCold  . . .     Clarity  .     b - +0 scale mail
rNeg   + . .     SustAt   .     c - +0 shield
rPois  ∞         Gourm    .     (no helmet)
rElec  +         Spirit   .     u - +0 cloak
rCorr  .         Warding  .     (no gloves)
rMut   .         Stasis   .     (no boots)
MR     .....                    (no amulet)
Stlth  ..........               (no ring)
                                (no ring)

@: confused, glowing, not resistant to hostile enchantments, extremely
unstealthy
A: negative energy resistance 1, electricity resistance, unbreathing,
petrification resistance, rot immunity, AC +5
a: Renounce Religion


You were on level 3 of the Dungeon.
You worshipped the Shining One.
The Shining One was aware of your devotion.
You were not hungry.

You visited 1 branch of the dungeon, and saw 5 of its levels.

You collected 273 gold pieces.

Inventory:

Hand Weapons
 a - a +0 flail
 z - a +2 flail of crushing (weapon)
Missiles
 y - 4 tomahawks (quivered)
 A - 2 throwing nets
Armour
 b - a +0 scale mail (worn)
 c - a +0 shield (worn)
 h - a +0 ring mail
 u - a +0 cloak (worn)
 J - the +2 robe "Aghiggurphi" {Int+3}
   (You found it on level 4 of the Dungeon)

   It affects your intelligence (+3).
Wands
 j - a wand of random effects (42)
 w - a wand of draining (10)
 D - a wand of fire (9)
Scrolls
 i - 4 scrolls of amnesia {unknown}
 m - 2 scrolls of teleportation {unknown}
 o - 3 scrolls of identify {unknown}
 p - 3 scrolls of magic mapping {unknown}
 s - a scroll of blinking {unknown}
 t - 2 scrolls of remove curse {unknown}
 v - 2 scrolls of immolation {unknown}
 C - a scroll of noise {unknown}
Potions
 d - a potion of might
 f - 2 potions of agility {unknown}
 g - 2 potions of cancellation {unknown}
 k - 3 potions of lignification {unknown}
 n - a potion of curing {unknown}
 r - 5 potions of haste {unknown}
 x - a potion of flight {unknown}
 E - a potion of magic {unknown}
 G - a potion of resistance {unknown}
 H - a potion of invisibility {unknown}
 I - a potion of poison {unknown}
Comestibles
 e - 2 bread rations
 l - 4 fruits
 q - a meat ration
 B - 4 chunks of flesh
 F - 2 beef jerkies


   Skills:
 + Level 4.7 Fighting
 * Level 7.0 Maces & Flails
 + Level 6.0 Armour
 + Level 4.8 Shields


You had 7 spell levels left.
You didn't know any spells.

Dungeon Overview and Level Annotations

Branches:
Dungeon (5/15)             Temple (0/1) D:5

Altars:
Cheibriados
Elyvilon
Kikubaaqudgha
Xom
The Shining One

Annotations:
D:3 Dowan, Sigmund


Innate Abilities, Weirdness & Mutations

You are resistant to torment.
Your stone body is resilient (AC +5).
You are immune to poison.
You resist negative energy.
You are resistant to electric shocks.
You can survive without breathing.
You are immune to petrification.
You are immune to rotting.


Message History

Dowan is moderately wounded.
Dowan mumbles some strange words.
Dowan blinks!
Dowan zaps a wand.
You are more confused.
You bump into the rock wall.
You bump into the rock wall.
Dowan zaps a wand.
You are more confused.
You hit Dowan.
Dowan is heavily wounded.
Dowan zaps a wand.
You resist with some effort.
Dowan zaps a wand.
You resist with some effort. Dowan gestures at you while chanting.
The stone arrow hits you!
* * * LOW HITPOINT WARNING * * *
There is a stone staircase leading down here.
You thump Dowan!
Dowan is almost dead.
Dowan gestures at you while chanting. The shard of ice hits you!
You die...

#........# ..#.# #.#..........
#.####.#.#####.#.## #.#.#..##<...
.................. #.#.#[.######
#.##†..#.#####...##.#.#.#..######
#.##...#.# #..##.#.#.#........
.......# # #..##.#.#....######
#.##..## #..##.#.#.#..######
#.##..# ####.e##.#.#..........
..#..... #...)@##.#.#.#########
..#...#.. #.######.#.........#
..#.....................#####.#
..#...#..## ######.######## ..#
..#. # #......... ..#
+######.#######. ..# ........#
..# ........#### ..# ...........#


You could see Dowan.

Vanquished Creatures
  Grinder (D:4)
  Duvessa (D:3)
  2 sky beasts (D:5)
  2 ogres
  A crimson imp (D:5)
  An iguana (D:4)
  An orc priest (D:4)
  Jessica (D:3)
  2 worker ants (D:4)
  A hound skeleton (D:4)
  8 gnolls
  4 adders
  A shadow imp (D:5)
  2 oozes
  3 worms (D:2)
  2 giant geckos (D:1)
  7 orcs
  7 bats
  2 hobgoblins (D:2)
  5 jackals
  10 kobolds
  9 giant cockroaches
  A giant newt (D:1)
  6 goblins
  8 rats
88 creatures vanquished.

Notes
Turn   | Place    | Note
--------------------------------------------------------------
     0 | D:1      | Raultor the Gargoyle Fighter began the quest for the Orb.
     0 | D:1      | Reached XP level 1. HP: 14/14 MP: 1/1
    85 | D:1      | Reached XP level 2. HP: 10/19 MP: 2/2
   274 | D:1      | Reached XP level 3. HP: 20/23 MP: 3/3
   581 | D:2      | Found a glowing golden altar of the Shining One.
   608 | D:2      | Became a worshipper of the Shining One
   783 | D:2      | Reached XP level 4. HP: 24/28 MP: 4/4
   883 | D:2      | Reached skill level 4 in Armour
   910 | D:2      | Found a white marble altar of Elyvilon.
   910 | D:2      | Found a snail-covered altar of Cheibriados.
   935 | D:2      | Found a faded altar to an unknown god.
  1046 | D:2      | Found a shimmering altar of Xom.
  1441 | D:3      | Noticed Jessica
  1451 | D:3      | Killed Jessica
  1496 | D:3      | Noticed Sigmund
  1682 | D:4      | Reached XP level 5. HP: 32/32 MP: 5/5
  1988 | D:4      | Reached skill level 5 in Maces & Flails
  2180 | D:4      | Noticed Grinder
  2180 | D:4      | Reached * piety under the Shining One
  2204 | D:5      | Entered Level 5 of the Dungeon
  2246 | D:5      | Noticed a sky beast
  2321 | D:5      | Killed a sky beast
  2321 | D:5      | Reached XP level 6. HP: 20/37 MP: 6/6
  2488 | D:5      | Reached skill level 5 in Armour
  2622 | D:5      | Found a staircase to the Ecumenical Temple.
  2773 | D:5      | Found an ancient bone altar of Kikubaaqudgha.
  2959 | D:5      | Reached skill level 6 in Maces & Flails
  2959 | D:5      | Reached XP level 7. HP: 37/41 MP: 7/7
  3143 | D:4      | Paralysed by Grinder for 6 turns
  3155 | D:4      | Killed Grinder
  3155 | D:4      | Reached XP level 8. HP: 17/48 MP: 8/8
  3174 | D:4      | Got a colourful robe
  3185 | D:4      | Identified the +2 robe "Aghiggurphi" {Int+3} (You found it on level 4 of the Dungeon)
  3286 | D:4      | Noticed Duvessa
  3287 | D:4      | Noticed Dowan
  3303 | D:3      | Killed Duvessa
  3303 | D:3      | Reached skill level 7 in Maces & Flails
  3320 | D:3      | Killed from afar by Dowan

Vault maps used:
D:1:      dpeg_arrival_round_b
D:2:      gammafunk_temple_overflow_wave, lemuel_round_altar,
          lemuel_doored_altar, ecumenical_altar_2
D:3:      st_stairs_7, uniq_robin, uniq_sigmund, uniq_jessica
D:4:      fedhas_altar_fruit_tree, first_bread, uniq_duvessa,
          uniq_crazy_yiuf_cottage, uniq_grinder
D:5:      kiku_gazebo_garden_becter, minmay_temple_entry_large_hall

Action                   |  1- 3 |  4- 6 |  7- 9 || total
-------------------------+-------+-------+-------++-------
Melee: Flail             |    91 |   164 |    38 ||   293
  Eat: Chunk             |       |     7 |     1 ||     8
